 Dungeon Crawl Stone Soup version 0.24.0-37-gcf1ca852f1 (webtiles) character file.

Game seed: 7888560623992300984, levelgen mode: deterministic

3805 Cryoshakespeare the Cleaver (level 10, -7/93 HPs)
             Began as a Hill Orc Monk on Dec 4, 2019.
             Was an Elder of Beogh.
             Killed by the air
             ... invoked by Gastronok
              (28 damage)
             ... on level 8 of the Dungeon.
             The game lasted 00:20:51 (8939 turns).

Cryoshakespeare the Cleaver (Hill Orc Monk)         Turns: 8939, Time: 00:20:52

Health: -7/93      AC: 16    Str: 29    XL:     10   Next: 17%
Magic:  16/16      EV: 14    Int: 10    God:    Beogh [****..]
Gold:   294        SH:  0    Dex: 18    Spells: 8/9 levels left

rFire    + . .     SeeInvis .   a - +0 war axe
rCold    x . .     Gourm    .   (no shield)
rNeg     . . .     Faith    .   D - +0 plate armour {rPois}
rPois    +         Spirit   .   s - +1 helmet
rElec    .         Reflect  .   n - scarf {repulsion}
rCorr    .         Harm     .   A - +0 pair of gloves
MR       +++..                  (no boots)
Stlth    ..........             (no amulet)
HPRegen  0.25/turn              y - ring "Mezi" {Fire *Contam MR+++ Str+5}
MPRegen  0.15/turn              C - +6 ring of strength

@: agile, repel missiles
A: no striking features
a: Smiting, Recall Orcish Followers, Renounce Religion


You were on level 8 of the Dungeon.
You worshipped Beogh.
Beogh was greatly pleased with you.
You were not hungry.

You visited 1 branch of the dungeon, and saw 8 of its levels.

You collected 294 gold pieces.

Inventory:

Hand Weapons
 a - a +0 war axe (weapon)
Armour
 i - a +2 chain mail of positive energy
 n - a scarf of repulsion (worn)
 s - a +1 helmet (worn)
 A - a +0 pair of gloves (worn)
 D - a +0 plate armour of poison resistance (worn)
Jewellery
 y - the ring "Mezi" (left hand) {Fire *Contam MR+++ Str+5}
   (You found it on level 4 of the Dungeon)

   [ring of fire]

   It enhances your fire magic.
   It affects your strength (+5).
   It protects you from fire.
   It makes you vulnerable to cold.
   It affects your resistance to hostile enchantments.
   It causes magical contamination when unequipped.
 B - an uncursed ring of flight
 C - a +6 ring of strength (right hand)
 E - an uncursed ring of ice {unknown}
Wands
 m - a wand of random effects (10)
 G - a wand of digging (6)
 I - a wand of iceblast (11)
Scrolls
 d - a scroll of immolation {unknown}
 e - 2 scrolls of enchant armour {unknown}
 f - 6 scrolls of remove curse
 g - a scroll of random uselessness {unknown}
 j - 4 scrolls of teleportation {unknown}
 k - 3 scrolls of identify {unknown}
 o - a scroll of fear {unknown}
 p - a scroll of magic mapping {unknown}
 r - 2 scrolls of blinking {unknown}
 w - a scroll of fog {unknown}
 H - a scroll of enchant weapon {unknown}
 K - a scroll of summoning {unknown}
Potions
 b - a potion of heal wounds {unknown}
 h - a potion of resistance {unknown}
 l - 3 potions of magic {unknown}
 q - a potion of agility
 t - 4 potions of mutation {unknown}
 u - a potion of ambrosia {unknown}
 v - 3 potions of brilliance {unknown}
 x - a potion of haste {unknown}
 z - 2 potions of curing
 J - a potion of flight {unknown}
Comestibles
 c - 13 rations
 F - 12 chunks of flesh


   Skills:
 + Level 10.2 Fighting
 + Level 11.0 Axes
 + Level 6.6 Armour
 - Level 2.4 Dodging
 - Level 1.5 Stealth
 + Level 8.1 Invocations


You had 8 spell levels left.
You knew the following spells:

 Your Spells              Type           Power        Failure   Level  Hunger
a - Confusing Touch       Hex            #.....       98%         1    ##.....

Your spell library contained the following spells:

 Spells                   Type           Power        Failure   Level  Hunger
 Magic Dart               Conj           #...         98%         1    ##.....
 Searing Ray              Conj           #.....       99%         2    ###....
 Confuse                  Hex            #.......     100%        3    ####...
 Dazzling Spray           Conj/Hex       #.....       100%        3    ####...
 Gell's Gravitas          Tloc           #.........   100%        3    ####...
 Force Lance              Conj/Tloc      #.......     100%        4    #####..
 Fulminant Prism          Conj/Hex       #.........   100%        4    #####..
 Iskenderun's Mystic Bla  Conj           #.......     100%        4    #####..
 Petrify                  Tmut/Erth      #.......     100%        4    #####..
 Metabolic Englaciation   Hex/Ice        #.........   100%        5    ######.
 Yara's Violent Unravell  Hex/Tmut       #.........   100%        5    ######.


Dungeon Overview and Level Annotations

Branches:
Dungeon (8/15)             Temple (0/1) D:5
   Lair: D:8-11

Altars:
Cheibriados
Makhleb
Okawaru
Uskayaw
Wu Jian
Xom
Zin

Annotations:
D:8 Gastronok


Message History

Beogh accepts your kill.
You hit the crimson imp. You closely miss the phantom.
The crimson imp barely misses you. The phantom misses you.
Your orc knight hits the phantom with a +0 trident!!
Unknown command.
Unknown command.
Your plate armour prevents you from hitting the phantom.
The phantom is almost destroyed.
You miss the crimson imp.
The crimson imp sputters.
The crimson imp hits you but does no damage.
Your orc warrior hits the phantom with a +0 whip!!
The phantom is destroyed!
Beogh accepts your kill.
Your orc warrior looks more experienced.
Your orc knight roars a battlecry!
Your orc knight goes into a battle-frenzy!
Gastronok waves his eye-stalks in wide circles.
The air twists around and strikes you!!
You die...

......#.# ......#.#
.....#.# ...##.##
#.....## # #†.....#
.## #.##
#...(?)#####...
#....##)..)......)...
#....'....)oo@5..####
#....######..)..).w..
#... #......#### #..
#.....?# #. #.#.####
# #.#.# #.#.# #.#<#
..###


You could see Gastronok, a crimson imp and 2 friendly orc knights.

Vanquished Creatures
  2 sky beasts
  An orc warrior (D:8)
  2 ogres
  2 black bears
  A necrophage (D:6)
  4 bullfrogs
  2 scorpions
  2 killer bees (D:8)
  A howler monkey (D:7)
  4 crimson imps
  2 hounds
  2 jellies
  7 orc wizards
  A centaur skeleton (D:6)
  2 orc priests
  A bullfrog skeleton (D:4)
  Natasha (thrice) (D:2)
  4 iguanas
  2 worker ants
  A worker ant zombie (D:5)
  Robin (D:3)
  9 gnolls
  12 adders
  2 shadow imps
  2 adder skeletons (D:2)
  3 worms
  3 dart slugs
  5 leopard geckos
  17 orcs
  5 bats
  2 bat zombies (D:2)
  7 giant cockroaches
  14 hobgoblins
  10 jackals
  7 kobolds
  3 quokkas
  A ball python (D:5)
  3 frilled lizards
  A giant cockroach zombie (D:2)
  15 goblins
  2 leopard gecko skeletons
  A quokka skeleton (D:4)
  5 rats
  A butterfly (D:2)
177 creatures vanquished.

Vanquished Creatures (collateral kills)
  A two-headed ogre (D:8)
  A yak (D:7)
  A human (D:7)
  3 hogs (D:7)
  2 phantoms (D:8)
  A sky beast (D:8)
  A bullfrog (D:7)
  A wyvern skeleton (D:8)
  4 killer bees (D:8)
  2 howler monkeys (D:7)
  A jelly (D:6)
  2 orc wizards (D:7)
  2 centaur skeletons
  A worker ant (D:6)
  A hound zombie (D:8)
  A gnoll (D:8)
  An adder (D:6)
  An orc (D:7)
  2 goblins (D:7)
  A quokka (D:6)
30 creatures vanquished.

Vanquished Creatures (others)
  8 orcs
8 creatures vanquished.

Grand Total: 215 creatures vanquished

Notes
Turn   | Place    | Note
-------+----------+-------------------------------------------
     0 | D:1      | Cryoshakespeare the Hill Orc Monk began the quest for the
                  | Orb.
     0 | D:1      | Reached XP level 1. HP: 19/19 MP: 1/1
   227 | D:1      | Reached XP level 2. HP: 25/27 MP: 2/2
   806 | D:2      | Reached XP level 3. HP: 32/34 MP: 3/3
   891 | D:2      | Reached skill level 5 in Axes
  1141 | D:2      | Reached XP level 4. HP: 36/41 MP: 4/4
  1254 | D:2      | Reached skill level 5 in Fighting
  1387 | D:2      | Found a shimmering altar of Xom.
  1443 | D:2      | Noticed Natasha
  1460 | D:2      | Killed Natasha
  1460 | D:2      | Reached XP level 5. HP: 37/48 MP: 5/5
  1599 | D:2      | Reached skill level 6 in Axes
  1673 | D:2      | Noticed Natasha
  1695 | D:2      | HP: 1/48 [white imp/puff of frost[Natasha] (3)]
  1701 | D:2      | Killed Natasha
  1987 | D:2      | Noticed Natasha
  2000 | D:2      | Killed Natasha
  2261 | D:2      | Found a glowing silver altar of Zin.
  2537 | D:3      | Learned a level 1 spell: Confusing Touch
  2781 | D:3      | Reached XP level 6. HP: 55/57 MP: 6/6
  2833 | D:3      | Noticed Robin
  2854 | D:3      | Killed Robin
  3483 | D:3      | Reached skill level 7 in Axes
  3685 | D:3      | Became a worshipper of Beogh the Brigand
  3685 | D:3      | Reached * piety under Beogh
  3685 | D:3      | Reached ** piety under Beogh
  4494 | D:3      | Reached XP level 7. HP: 51/66 MP: 7/7
  4582 | D:3      | Reached skill level 1 in Armour
  4582 | D:3      | Reached skill level 1 in Invocations
  4889 | D:4      | Reached skill level 8 in Axes
  5122 | D:4      | Got a scorched marble ring
  5123 | D:4      | Identified the ring "Mezi" {Fire *Contam MR+++ Str+5} (You
                  | found it on level 4 of the Dungeon)
  5300 | D:4      | Reached XP level 8. HP: 33/74 MP: 10/10
  5590 | D:5      | Entered Level 5 of the Dungeon
  5875 | D:5      | Reached *** piety under Beogh
  6016 | D:5      | Found a staircase to the Ecumenical Temple.
  6753 | D:6      | Reached skill level 9 in Axes
  7057 | D:6      | Reached skill level 5 in Invocations
  7308 | D:6      | Reached XP level 9. HP: 60/82 MP: 11/13
  7403 | D:6      | Found a snail-covered altar of Cheibriados.
  8092 | D:7      | Found a burning altar of Makhleb.
  8429 | D:7      | Found an iron altar of Okawaru.
  8493 | D:7      | Found an ornate altar of the Wu Jian Council.
  8502 | D:7      | Reached skill level 5 in Armour
  8547 | D:7      | Found a hide-covered altar of Uskayaw.
  8629 | D:7      | Reached **** piety under Beogh
  8755 | D:7      | Reached skill level 10 in Axes
  8910 | D:8      | Noticed a two-headed ogre
  8919 | D:8      | Killed a two-headed ogre
  8919 | D:8      | Reached XP level 10. HP: 59/93 MP: 15/15
  8925 | D:8      | Reached skill level 10 in Fighting
  8935 | D:8      | Noticed Gastronok
  8936 | D:8      | Reached skill level 11 in Axes
  8939 | D:8      | Killed from afar by Gastronok

Levels and vault maps discovered:
D:1:      wander_arrival_abandoned_jail, layout_rooms
D:2:      minmay_chambers_of_ones, layout_basic, zin_academy, xom_butterflies,
          first_ration, serial_undead, serial_undead_e, serial_undead_f,
          serial_undead_a, serial_undead_d, uniq_natasha
D:3:      layout_loops_corners, serial_rivers, chequers_serial_rivers_small_b,
          chequers_serial_rivers_micro_a, chequers_serial_rivers_micro_e,
          chequers_serial_rivers_micro_d, uniq_robin
D:4:      wander_river, layout_rooms, minmay_circle_x
D:5:      layout_loops_ring, lemuel_temple_firewalk_b
D:6:      layout_basic, basic_altar, minmay_checkerbox
D:7:      layout_loops_corners, lemuel_coloured_pillars_altar,
          lemuel_crystal_altar, kennysheep_okawaru_gauntlet, grunt_livestock,
          bloody_makhleb
D:8:      layout_basic, uniq_gastronok

Skill      XL: |  1  2  3  4  5  6  7  8  9 10 |
---------------+-------------------------------+-----
Fighting       | 4 5 6 7 8 9 10 | 10.2
Axes           | 5 6 7 8 9 10 11 | 11.0
Armour         | 2 4 6 |  6.6
Invocations    | 3 5 7 8 |  8.1
Dodging        | |  2.4
Stealth        | |  1.5

Action                   |  1- 3 |  4- 6 |  7- 9 | 10-12 || total
-------------------------+-------+-------+-------+-------++-------
Melee: Hand axe          |   127 |   317 |   170 |       ||   614
       War axe           |       |       |   183 |    15 ||   198
Invok: Convert to Beogh  |       |     1 |       |       ||     1
Evoke: Wand              |       |     1 |       |       ||     1
  Use: Potion            |       |     2 |       |     1 ||     3
       Scroll            |       |       |     1 |       ||     1
 Stab: Distracted        |       |       |     1 |       ||     1
  Eat: Chunk             |     1 |     7 |     8 |       ||    16
       Ration            |       |     1 |     2 |       ||     3
Armor: Robe              |    23 |       |       |       ||    23
       Leather armour    |    10 |       |       |       ||    10
       Chain mail        |    28 |   174 |   163 |       ||   365
       Plate armour      |       |       |    89 |    39 ||   128
Dodge: Dodged            |    98 |   120 |   151 |    40 ||   409
       Deflected         |       |     6 |     4 |       ||    10
